 Dungeon Crawl Stone Soup version 0.20.0 (webtiles) character file.

102061 Llamajah the Warrior (level 16, 0/217 (219) HPs)
             Began as a Barachi Berserker on June 21, 2017.
             Was the Champion of Trog.
             Slain by a two-headed ogre
             ... wielding a +0 giant spiked club
              (12 damage)
             ... on level 15 of the Dungeon.
             The game lasted 01:54:55 (31162 turns).

Llamajah the Warrior (Barachi Berserker)           Turns: 31162, Time: 01:54:56

HP:   0/217 (219)   AC: 24    Str: 28    XL:     16   Next: 32%
MP:   5/5           EV:  9    Int:  9    God:    Trog [******]
Gold: 1020          SH:  0    Dex: 22    Spells: 15/15 levels left

rFire    . . .     SeeInvis .   v - +9 great mace (antimagic)
rCold    . . .     Gourm    .   (shield currently unavailable)
rNeg     . . .     Faith    .   R - +9 plate armour of Minor Irritation {-Cast Dex+6}
rPois    .         Spirit   .   o - +0 helmet
rElec    .         Reflect  .   u - scarf {cloud immunity}
rCorr    .         Harm     .   l - +1 pair of gloves
MR       +....     NoCast   +   J - +0 pair of boots
Stlth    ..........             (no amulet)
Regen    0.5/turn               j - +2 ring of evasion
MPRegen  0.1/turn               O - +3 ring of dexterity

@: berserking, extremely drained, very quick
A: +LOS, swims, mutation resistance 1, shaggy fur 1, slowness 1, strong legs 2
a: Hop, Berserk, Trog's Hand, Brothers in Arms, Burn Spellbooks, Renounce
Religion


You were on level 15 of the Dungeon.
You worshipped Trog.
Trog was exalted by your worship.
You were not hungry.

You visited 3 branches of the dungeon, and saw 23 of its levels.

You collected 2429 gold pieces.
You spent 1409 gold pieces at shops.

Inventory:

Hand Weapons
 n - a +5 great mace of holy wrath
 v - a +9 antimagic great mace (weapon)
 y - the +6 battleaxe "Geibock" {chop, rElec}
   (You bought it in a shop on level 2 of the Orcish Mines)

   It inflicts extra damage upon your enemies.
   It insulates you from electricity.
 z - a +4 hunting sling
 F - a +2 flail of electrocution
 H - a +0 dire flail of protection
 K - a +0 dire flail of freezing
 U - the +2 dire flail "Nuangis" {venom, Str+5}
   (Trog gifted it to you on level 14 of the Dungeon)

   It poisons the flesh of those it strikes.
   It affects your strength (+5).
Armour
 l - a +1 pair of gloves (worn)
 o - a +0 helmet (worn)
 u - a scarf of cloud immunity (worn)
 C - a +0 cloak
 D - a +4 plate armour of cold resistance
 J - a +0 pair of boots (worn)
 R - the +9 plate armour of Minor Irritation (worn) {-Cast Dex+6}
   (You took it off an orc on level 13 of the Dungeon)

   It affects your dexterity (+6).
   It prevents spellcasting.
Jewellery
 a - an uncursed ring of protection from cold
 j - a +2 ring of evasion (left hand)
 m - an uncursed ring of flight
 r - an uncursed ring of resist corrosion
 O - a +3 ring of dexterity (right hand)
 Q - an uncursed ring of poison resistance
Wands
 s - a wand of clouds (3/9)
 A - a wand of iceblast (9/15)
 P - a wand of random effects (16/48)
Scrolls
 d - 3 scrolls of recharging
 f - 5 scrolls of immolation
 g - 10 scrolls of remove curse
 h - 3 scrolls of blinking
 w - a scroll of magic mapping
 B - 8 scrolls of teleportation
 E - 3 scrolls of identify
 I - a scroll of fear
Potions
 e - 2 potions of heal wounds
 i - 3 potions of haste
 k - 2 potions of magic
 p - 5 potions of might
 q - 2 potions of mutation
 t - 12 potions of curing
 x - 2 potions of flight
 G - 2 potions of invisibility
 N - 3 potions of lignification
 S - 3 potions of agility
 V - a potion of brilliance
 Z - 3 potions of cancellation
Comestibles
 b - 15 fruits
 c - 18 bread rations
 M - 4 meat rations


   Skills:
 * Level 19.1(0.0) Fighting
 + Level 14.6(0.0) Maces & Flails
 + Level 15.3(0.0) Armour
 + Level 14.7(0.0) Dodging
 - Level 1.1(0.0) Stealth


You had 15 spell levels left.
You didn't know any spells.

Dungeon Overview and Level Annotations

Branches:
Dungeon (15/15)            Temple (0/1) D:5            Lair (6/6) D:10
  Swamp (0/4) Lair:3       Spider (0/4) Lair:3        Slime (0/5) Lair:6
    Orc (2/2) D:12            Elf (0/3) Orc:2        Vaults (0/5) D:13
 Depths (0/5) D:15

Altars:
Ashenzari
Elyvilon
Fedhas
Gozag
Hepliaklqana
Nemelex Xobeh
Ru
Trog
Uskayaw
Yredelemnul
The Shining One
Beogh
Jiyva

Shops:
D:11 *   Orc:2 [(*:

Annotations:
D:7 Prince Ribbit
D:15 Sonja


Innate Abilities, Weirdness & Mutations

Shadows flee at your approach. (+LOS)
You can swim through water.
You cover ground slowly.
You can hop longer distances.
You are somewhat resistant to further mutation.
You are covered in fur. (AC +1)


Message History

* * * LOW HITPOINT WARNING * * *
You sock the two-headed ogre!
The two-headed ogre is lightly wounded.
The two-headed ogre closely misses you.
The two-headed ogre hits you but does no damage.
The ogre mage hits you from afar with a halberd.
* * * LOW HITPOINT WARNING * * *
The two-headed ogre hits you with a giant spiked club.
* * * LOW HITPOINT WARNING * * *
The two-headed ogre hits you with a giant spiked club!
* * * LOW HITPOINT WARNING * * *
You bludgeon the two-headed ogre!!
The two-headed ogre is heavily wounded.
The two-headed ogre closely misses you.
The two-headed ogre hits you with a giant spiked club!
* * * LOW HITPOINT WARNING * * *
The two-headed ogre hits you with a giant spiked club!!
* * * LOW HITPOINT WARNING * * *
The two-headed ogre hits you with a giant spiked club!
You die...

##.... .# .. . #....##..
##. .... . .......
........ ... .. #....##.
. .... #.. ...
##....##.##....##.. ....
.#.##..#.#..##.#.. .....
....##(....##....# ......
.##..#)....#..##O#O...###
..##.(.......##.@O.......
#..#(##...##.#..##O......
##....##.##....## ......
.#.##.(#.#..##.# .....
....##(....##.... ....
#....#.....#....... ...
##....(.............. ..
###.#....##...###+#### #
# #......######


You could see 3 two-headed ogres and an ogre mage.

Vanquished Creatures
  Saint Roka (Orc:2)
  Louise (D:14)
  Nessos (Lair:5)
  Snorg (Lair:5)
  An ettin (D:13)
  11 hydras
  18 two-headed ogres
  A vault guard (D:13)
  Erica (D:8)
  3 centaur warriors
  2 ogre magi
  A tengu warrior (D:15)
  An orc high priest (Orc:2)
  6 death yaks
  A harpy (shapeshifter) (D:13)
  4 orc knights
  A harpy (D:13)
  A lindwurm (D:13)
  2 orc sorcerers (Orc:2)
  18 ugly things
  A wolf spider (D:15)
  4 cyclopes
  4 manticores
  An elephant (D:10)
  An oklob plant (Lair:1)
  Maurice (D:8)
  A vault sentinel (D:13)
  Joseph (D:8)
  5 black mambas
  A centaur zombie (D:15)
  4 spiny frogs
  3 kobold demonologists (D:13)
  An efreet (D:14)
  A freezing wraith (D:13)
  6 komodo dragons
  A rime drake (Lair:4)
  4 trolls
  A polar bear (shapeshifter) (D:13)
  3 polar bears (Lair:6)
  A troll (shapeshifter) (D:15)
  Grinder (D:4)
  15 hippogriffs
  8 hornets
  7 slime creatures
  A hornet (shapeshifter) (D:13)
  3 blink frogs (Lair:6)
  14 spriggans (Lair:6)
  2 wyverns
  2 shadows
  53 yaks
  2 wraiths
  3 vampire mosquitoes (D:14)
  2 hungry ghosts (D:10)
  3 basilisks
  3 wargs
  15 water moccasins
  7 porcupines
  3 acid dragons
  4 ice beasts
  39 orc warriors
  7 black bears
  A sky beast (D:9)
  A phantom (D:9)
  20 ogres
  2 necrophages
  46 wolves
  3 boggarts (Lair:6)
  2 eyes of draining
  15 centaurs
  16 crocodiles
  5 big kobolds
  A gnoll sergeant (D:5)
  15 bullfrogs
  3 wyvern zombies
  A water moccasin zombie (D:12)
  A wyvern skeleton (D:14)
  6 scorpions
  The ghost of Nogai the Vexing, a weakling TrAM (D:3)
  3 killer bees (D:13)
  7 wights
  2 howler monkeys (D:10)
  5 crimson imps
  A bullfrog zombie (D:11)
  6 jellies
  5 hounds
  27 orc priests
  37 orc wizards
  2 bullfrog skeletons
  6 centaur skeletons
  2 iguanas
  9 worker ants
  3 hound skeletons
  A howler monkey zombie (D:11)
  A worker ant zombie (D:10)
  19 adders
  4 shadow imps
  5 oozes
  4 adder skeletons
  An adder zombie (D:10)
  6 worms
  7 leopard geckos
  119 orcs
  4 ball pythons
  9 bats
  7 giant cockroaches
  7 goblins
  7 hobgoblins
  15 jackals
  7 quokkas
  4 frilled lizards
  36 kobolds
  2 quokka skeletons
  10 rats
  A plant (Lair:1)
845 creatures vanquished.

Vanquished Creatures (collateral kills)
  A two-headed ogre (Orc:2)
  A troll (Orc:2)
  2 orc warriors (Orc:2)
  An orc wizard (Orc:2)
  An orc (Orc:2)
6 creatures vanquished.

Vanquished Creatures (others)
  An orc wizard (D:7)
  A quokka (D:9)
  6 fungi
  2 plants (Lair:2)
10 creatures vanquished.

Grand Total: 861 creatures vanquished

Notes
Turn   | Place    | Note
-------+----------+-------------------------------------------
     0 | D:1      | Llamajah the Barachi Berserker began the quest for the Orb.
     0 | D:1      | Reached XP level 1. HP: 18/18 MP: 1/1
    90 | D:1      | Reached XP level 2. HP: 25/25 MP: 2/2
   208 | D:1      | Reached skill level 4 in Fighting
   644 | D:2      | Reached XP level 3. HP: 10/30 MP: 3/3
  1247 | D:2      | Reached XP level 4. HP: 37/37 MP: 4/4
  1500 | D:2      | Reached ** piety under Trog
  1720 | D:2      | Reached XP level 5. HP: 26/43 MP: 5/5
  2109 | D:2      | Found a faded altar of an unknown god.
  2176 | D:2      | Found a shattered altar of Ashenzari.
  2338 | D:3      | Noticed Nogai's ghost (weakling TrAM)
  2346 | D:3      | Killed Nogai's ghost
  2346 | D:3      | Reached skill level 5 in Maces & Flails
  2346 | D:3      | Reached skill level 1 in Stealth
  2552 | D:3      | Reached XP level 6. HP: 23/50 MP: 6/6
  2554 | D:3      | Reached skill level 5 in Fighting
  2954 | D:3      | Found a glowing golden altar of the Shining One.
  3194 | D:3      | Found a sacrificial altar of Ru.
  3975 | D:4      | Got a distressingly furry ring mail
  3986 | D:4      | Identified the +0 ring mail of Good Intentions {-Tele Str+4 Int+8 Dex-5} (You found it on level 4 of the Dungeon)
  4093 | D:4      | Reached *** piety under Trog
  4270 | D:4      | Reached XP level 7. HP: 42/56 MP: 7/7
  4736 | D:4      | Noticed Grinder
  4747 | D:4      | Killed Grinder
  4747 | D:4      | Reached skill level 6 in Fighting
  4868 | D:5      | Entered Level 5 of the Dungeon
  4924 | D:5      | Found a staircase to the Ecumenical Temple.
  5005 | D:5      | Reached skill level 5 in Dodging
  5101 | D:5      | Reached XP level 8. HP: 54/64 MP: 8/8
  5236 | D:5      | Found a hazy altar of Hepliaklqana.
  5378 | D:5      | Reached skill level 5 in Armour
  5554 | D:5      | Found a blossoming altar of Fedhas.
  5900 | D:6      | Reached skill level 7 in Fighting
  6696 | D:6      | Reached **** piety under Trog
  6696 | D:6      | Reached XP level 9. HP: 54/72 MP: 9/9
  7004 | D:6      | Found a bloodstained altar of Trog.
  7783 | D:7      | Got a warped plate armour
  7794 | D:7      | Identified the cursed +0 plate armour "Buraquk" {rN+ Dex+2 Stlth+} (You found it on level 7 of the Dungeon)
  7797 | D:7      | Found an opulent altar of Gozag.
  7811 | D:7      | Reached skill level 8 in Fighting
  7896 | D:7      | Noticed Prince Ribbit
  8644 | D:8      | Noticed a troll
  8659 | D:8      | Killed a troll
  8662 | D:8      | Reached ***** piety under Trog
  8766 | D:8      | Reached XP level 10. HP: 82/82 MP: 10/10
  8916 | D:8      | Identified the Tome of Transmutation and Execration
  8980 | D:8      | Reached skill level 9 in Fighting
  9030 | D:8      | Found a hide-covered altar of Uskayaw.
  9182 | D:8      | Noticed Joseph
  9480 | D:8      | Killed Joseph
  9681 | D:8      | Noticed Maurice
  9682 | D:8      | Noticed Erica
  9706 | D:8      | Killed Erica
  9706 | D:8      | HP: 6/124 [acid (9)]
  9710 | D:8      | HP: 2/83 [something (3)]
  9739 | D:8      | Killed Maurice
 10197 | D:9      | Paralysed by a hornet for 2 turns
 10202 | D:9      | Paralysed by a hornet for 1 turns
 10424 | D:9      | Noticed a manticore
 10436 | D:9      | Killed a manticore
 10436 | D:9      | Reached skill level 10 in Fighting
 10748 | D:9      | Noticed a two-headed ogre
 10776 | D:9      | Killed a two-headed ogre
 10776 | D:9      | Reached skill level 10 in Maces & Flails
 10776 | D:9      | Reached XP level 11. HP: 92/92 MP: 11/11
 10976 | D:9      | Noticed a two-headed ogre
 10995 | D:9      | Killed a two-headed ogre
 10995 | D:9      | Reached skill level 10 in Armour
 11079 | D:9      | Noticed a two-headed ogre
 11089 | D:9      | Killed a two-headed ogre
 11119 | D:9      | Found a basalt altar of Yredelemnul.
 11179 | D:9      | Found a sparkling altar of Nemelex Xobeh.
 11328 | D:9      | Found a white marble altar of Elyvilon.
 11553 | D:10     | Entered Level 10 of the Dungeon
 11601 | D:10     | Reached skill level 11 in Fighting
 11638 | D:10     | Found a staircase to the Lair.
 11662 | D:10     | Reached skill level 10 in Dodging
 11973 | D:10     | Received a gift from Trog
 12480 | D:10     | Noticed a two-headed ogre
 12491 | D:10     | Killed a two-headed ogre
 12696 | D:11     | Reached XP level 12. HP: 67/102 MP: 4/12
 12706 | D:11     | Noticed a two-headed ogre
 12719 | D:11     | Killed a two-headed ogre
 12719 | D:11     | Reached skill level 12 in Fighting
 12780 | D:11     | Noticed a two-headed ogre
 12787 | D:11     | Killed a two-headed ogre
 13372 | D:11     | Noticed a two-headed ogre
 13379 | D:11     | Killed a two-headed ogre
 13484 | D:11     | Found Saughut's Serpentskin Sales.
 13522 | D:11     | Bought an uncursed ring of poison resistance for 280 gold pieces
 13827 | D:12     | Reached skill level 13 in Fighting
 14080 | D:12     | Found a staircase to the Orcish Mines.
 14160 | D:12     | Reached ****** piety under Trog
 14575 | D:12     | Noticed a two-headed ogre
 14581 | D:12     | Killed a two-headed ogre
 15305 | D:13     | Noticed a six-headed hydra
 15518 | Lair:1   | Entered Level 1 of the Lair of Beasts
 15845 | Lair:1   | Gained mutation: You can hop longer distances. [Barachi growth]
 15845 | Lair:1   | Reached XP level 13. HP: 108/112 MP: 4/13
 16170 | Lair:2   | Reached skill level 14 in Fighting
 17393 | Lair:2   | Received a gift from Trog
 17903 | Lair:3   | Found a hole to the Spider Nest.
 18146 | Lair:3   | Found a staircase to the Swamp.
 18860 | Lair:4   | Reached skill level 15 in Fighting
 19698 | Lair:5   | Noticed Snorg
 19714 | Lair:5   | Killed Snorg
 20018 | Lair:5   | Noticed Nessos
 20221 | Lair:5   | Killed Nessos
 20724 | Lair:6   | Entered Level 6 of the Lair of Beasts
 20750 | Lair:6   | Reached XP level 14. HP: 99/123 MP: 4/14
 20954 | Lair:6   | Found a staircase to the Slime Pits.
 21102 | Lair:6   | Found a viscous altar of Jiyva.
 21131 | Lair:6   | Reached skill level 16 in Fighting
 21136 | Lair:6   | Received a gift from Trog
 21142 | Lair:6   | Got a translucent great mace {god gift}
 21202 | Lair:6   | Identified the +2 great mace of Orphafe {vamp, +Fly} (Trog gifted it to you on level 6 of the Lair of Beasts)
 23267 | Orc:1    | Entered Level 1 of the Orcish Mines
 23615 | Orc:2    | Entered Level 2 of the Orcish Mines
 23615 | Orc:2    | Found a staircase to the Elven Halls.
 24576 | Orc:2    | Received a gift from Trog
 24629 | Orc:2    | Gained mutation: Your body sometimes deteriorates upon taking damage. [a neqoxec]
 24656 | Orc:2    | Reached skill level 17 in Fighting
 25242 | Orc:2    | Noticed Saint Roka
 25271 | Orc:2    | Reached XP level 15. HP: 134/134 MP: 5/15
 25362 | Orc:2    | Lost mutation: Your body sometimes deteriorates upon taking damage. [potion of mutation]
 25362 | Orc:2    | Gained mutation: You are somewhat resistant to further mutation. [potion of mutation]
 25362 | Orc:2    | Gained mutation: You are covered in fur. (AC +1) [potion of mutation]
 25421 | Orc:2    | Killed Saint Roka
 26440 | Orc:2    | Found a roughly hewn altar of Beogh.
 26540 | Orc:2    | Found Xediem Xont's Antique Weapon Shoppe.
 26555 | Orc:2    | Found Dibubu's Antique Armour Shoppe.
 26571 | Orc:2    | Found Irregite's General Store.
 26628 | Orc:2    | Found Sykhlousm's Book Shoppe.
 26945 | Orc:2    | Bought a pair of glowing gloves for 210 gold pieces
 26945 | Orc:2    | Bought a helmet for 126 gold pieces
 26945 | Orc:2    | Bought an embroidered scarf for 224 gold pieces
 26981 | Orc:2    | Bought a potion of curing for 48 gold pieces
 26981 | Orc:2    | Bought a scroll of teleportation for 48 gold pieces
 26981 | Orc:2    | Bought a scroll of remove curse for 48 gold pieces
 26997 | Orc:2    | Bought a crude battleaxe for 425 gold pieces
 26997 | Orc:2    | Identified the +6 battleaxe "Geibock" {chop, rElec} (You bought it in a shop on level 2 of the Orcish Mines)
 27178 | D:13     | Received a gift from Trog
 27950 | D:13     | Found a gate to the Vaults.
 28150 | D:13     | Reached skill level 18 in Fighting
 28228 | D:13     | Got an ichor-stained plate armour
 28315 | D:13     | Identified the +9 plate armour of Minor Irritation {-Cast Dex+6} (You took it off an orc on level 13 of the Dungeon)
 28844 | D:14     | Noticed Louise
 28866 | D:14     | Killed Louise
 29515 | D:14     | Received a gift from Trog
 29522 | D:14     | Got a crude dire flail {god gift}
 29523 | D:14     | Identified the +2 dire flail "Nuangis" {venom, Str+5} (Trog gifted it to you on level 14 of the Dungeon)
 29977 | D:14     | Reached skill level 15 in Armour
 29987 | D:14     | Reached XP level 16. HP: 144/144 MP: 5/16
 30147 | D:15     | Entered Level 15 of the Dungeon
 30222 | D:15     | Paralysed by an ogre mage for 4 turns
 30596 | D:15     | Found a staircase to the Depths.
 30627 | D:15     | Reached skill level 19 in Fighting
 30874 | D:15     | Noticed Sonja
 31162 | D:15     | Slain by a two-headed ogre

Skill      XL: |  1  2  3  4  5  6  7  8  9 10 11 12 13 14 15 16 |
---------------+-------------------------------------------------+-----
Fighting       | 4 5 6 7 8 10 11 13 15 17 18 19 | 19.1
Maces & Flails | 4 5 6 7 8 10 11 12 13 14 | 14.6
Dodging        | 3 4 5 6 7 9 10 11 12 13 14 | 14.7
Stealth        | 1 |  1.1
Armour         | 3 4 6 8 9 10 11 12 14 15 | 15.3

Action                   |  1- 3 |  4- 6 |  7- 9 | 10-12 | 13-15 | 16-18 || total
-------------------------+-------+-------+-------+-------+-------+-------++-------
Melee: Mace              |    94 |   117 |       |       |       |       ||   211
       Flail             |       |   114 |   408 |   982 |   187 |       ||  1691
       Great mace        |       |       |       |       |  1195 |   168 ||  1363
Invok: Berserk           |     3 |     9 |    14 |    20 |    19 |     2 ||    67
       Burn Spellbooks   |       |     1 |     1 |     5 |     3 |       ||    10
       Trog's Hand       |       |       |       |     1 |     4 |       ||     5
       Brothers in Arms  |       |       |       |       |     1 |       ||     1
 Abil: Hop               |       |       |       |     2 |     7 |     2 ||    11
Evoke: Wand              |       |       |       |     3 |     1 |       ||     4
  Use: Scroll            |       |       |    11 |     2 |    27 |       ||    40
       Potion            |       |       |       |     5 |     2 |       ||     7
 Stab: Sleeping          |       |     3 |     1 |       |       |       ||     4
       Confused          |       |       |       |     2 |       |       ||     2
  Eat: Chunk             |     3 |    16 |    24 |    34 |    56 |     3 ||   136
       Meat ration       |       |     1 |     1 |       |       |       ||     2
       Bread ration      |       |       |       |     4 |     1 |     1 ||     6
       Fruit             |       |       |       |     2 |     3 |     1 ||     6
       Royal jelly       |       |       |       |       |     6 |       ||     6
Armor: Animal skin       |    13 |    20 |       |       |       |       ||    33
       Ring mail         |       |    15 |    58 |       |       |       ||    73
       Leather armour    |       |     4 |       |       |       |       ||     4
       Plate armour      |       |       |    45 |   423 |   902 |   185 ||  1555
       Scale mail        |       |       |    16 |       |       |       ||    16
Dodge: Dodged            |    77 |   210 |   312 |   533 |  1517 |   273 ||  2922
Block: Shield            |       |       |       |    89 |    79 |       ||   168
